 Dungeon Crawl Stone Soup version 0.28.0-53-g5a82cb258f (webtiles) character file.

Game seed: 13617721825136902413

41 Nyth the Twirler (level 3, -1/22 HPs)
             Began as a Gargoyle Gladiator on Aug 12, 2022.
             Slain by an orc
             ... wielding a +0 mace
              (4 damage)
             ... on level 3 of the Dungeon.
             The game lasted 00:02:18 (2577 turns).

Nyth the Twirler (Gargoyle Gladiator)               Turns: 2577, Time: 00:02:19

Health: -1/22      AC:  8    Str: 19    XL:     3   Next: 52%
Magic:  3/3        EV: 12    Int:  8    God:
Gold:   98         SH:  0    Dex: 11    Spells: 2/2 levels left

rFire   + . .      SeeInvis .   a - +0 quarterstaff
rCold   x . .      Faith    .   (shield currently unavailable)
rNeg    + . .      Spirit   .   b - +0 leather armour
rPois   ∞          Reflect  .   c - +0 helmet
rElec   +          Harm     .   f - +0 cloak
rCorr   .          Rampage  .   (no gloves)
Will    .....                   (no boots)
Stlth   +.........              (no amulet)
HPRegen 0.07/turn               i - ring of fire
MPRegen 0.08/turn               (no ring)

@: no status effects
A: sickness immunity, AC +3, negative energy resistance 1, electricity
resistance, torment resistance 1, petrification resistance
a: no special abilities


You were on level 3 of the Dungeon.
You visited 1 branch of the dungeon, and saw 3 of its levels.

You collected 98 gold pieces.

Inventory:

Hand Weapons
 a - a +0 quarterstaff (weapon)
Missiles
 d - a throwing net (quivered)
Armour
 b - a +0 leather armour (worn)
 c - a +0 helmet (worn)
 f - a +0 cloak (worn)
 g - a +2 hat of intelligence
Jewellery
 i - a ring of fire (left hand)
Scrolls
 h - a scroll of teleportation {unknown}
 j - a scroll of silence {unknown}
 k - a scroll of vulnerability {unknown}
 l - 2 scrolls of identify {unknown}
 m - 3 scrolls of blinking {unknown}
 q - a scroll of fog {unknown}
Potions
 e - a potion of heal wounds {unknown}
 n - 2 potions of brilliance {unknown}
 o - a potion of magic {unknown}
 p - 3 potions of flight {unknown}


   Skills:
 + Level 2.4 Fighting
 + Level 3.7 Staves
 + Level 1.9 Throwing
 + Level 1.0 Armour
 + Level 2.7 Dodging


You had 2 spell levels left.
You didn't know any spells.
Your spell library contained the following spells:

 Spells                   Type           Power      Damage    Failure   Level
 Animate Skeleton         Necr           0%         N/A       45%         1
 Pain                     Necr           0%         1d4       45%         1
 Vampiric Draining        Necr           0%         2d6       83%         3


Dungeon Overview and Level Annotations

Branches:
Dungeon (3/15)

Altars:

Shops:
D:3 ??(


Innate Abilities, Weirdness & Mutations

You are immune to sickness and miasma.
Your stone body is resilient. (AC +3)
You are immune to poison.
You resist negative energy. (rN+)
You are resistant to electric shocks. (rElec)
You are resistant to unholy torment.
You are immune to petrification.


Message History

The orc hits you with a +0 hand axe.
There is an escape hatch in the ceiling here.
Things that are here:
a +0 club; a +0 chain mail; an orc corpse You barely miss the orc.
The orc barely misses you. x2
You closely miss the orc. The orc hits you with a +0 hand axe.
The quokka closely misses you. The orc hits you but does no damage.
You completely miss the orc.
The quokka bites you but does no damage.
The orc hits you but does no damage. The orc barely misses you.
The quokka closely misses you. The orc barely misses you.
You hit the quokka but do no damage. The orc hits you with a +0 mace.
The quokka bites you but does no damage.
The orc closely misses you.
You barely miss the orc.
The quokka bites you but does no damage.
The orc hits you but does no damage. The orc barely misses you.
You closely miss the orc.
The quokka bites you but does no damage.
The orc misses you. The orc barely misses you. The quokka misses you.
You closely miss the orc. The orc hits you with a +0 mace.
The orc closely misses you. The quokka misses you.
You throw a throwing net.
The throwing net closely misses the orc.
The orc closely misses you. The quokka closely misses you.
The orc hits you but does no damage.
You throw a throwing net.
The throwing net completely misses the orc.
The orc closely misses you.
The quokka bites you but does no damage.
The orc hits you but does no damage.
You barely miss the orc. The orc hits you with a +0 mace.
* * * LOW HITPOINT WARNING * * *
The quokka bites you but does no damage.
The orc hits you with a +0 hand axe.
* * * LOW HITPOINT WARNING * * *
You closely miss the orc. The quokka closely misses you.
The orc barely misses you. The orc completely misses you.
The orc hits you with a +0 mace.
You die...

#..#.#...#.......
##.#.#.(.########
###.#.#.... #.$.
#..)..#..### #...
#.##..#..# ##...
#.##..#..# ##....
#.###.#..# .....?
#8# #....#
......##@###....#
.#####)8oor8.....#
.......(.w#......#
#########8#.#....#
....#.......
#..###.#......
#.$. ..#...#.#
#.## ###.>.#.# #.
.....


You could see a worm, 2 orcs and a quokka.

Vanquished Creatures
  An adder (D:2)
  3 orcs (D:3)
  5 ball pythons (D:1)
  A bat (D:2)
  2 endoplasms
  4 goblins
  A hobgoblin (D:2)
  2 kobolds (D:2)
  2 quokkas
  3 frilled lizards
  3 rats
27 creatures vanquished.

Notes
Turn   | Place    | Note
-------+----------+-------------------------------------------
     0 | D:1      | Nyth the Gargoyle Gladiator began the quest for the Orb.
     0 | D:1      | Reached XP level 1. HP: 12/12 MP: 1/1
   524 | D:1      | Reached XP level 2. HP: 17/18 MP: 2/2
   664 | D:1      | Found a faded altar of an unknown god.
  1993 | D:2      | Reached XP level 3. HP: 22/22 MP: 3/3
  2293 | D:2      | You fall into a shaft and drop 1 floor!
  2320 | D:3      | Found Zegewnew's Weapon Shoppe.
  2373 | D:3      | Found Veqesis's Magic Scroll Shoppe.
  2538 | D:3      | Found Qank's Magic Scroll Emporium.
  2560 | D:3      | Reached skill level 1 in Armour
  2577 | D:3      | Slain by an orc

Illustrated notes

Levels and vault maps discovered:
D:1:      matt_arrival_grand_opening, layout_loops_cross,
          chequers_ecumenical_altar_lobes
D:2:      layout_basic, grunt_ministairs_7, minivault_25, minmay_door_square
D:3:      layout_basic, mainiacjoe_overflow_alcove_4, serial_shops,
          shop_fountains, shop, nicolae_shop_bloodbath_and_beyond, shop,
          nicolae_shop_statue_plus, corexii_leaking_fountain,
          kennysheep_jessica_study, uniq_jessica, uniq_robin

Skill      XL: |  1  2  3 |
---------------+----------+-----
Armour         | 1 |  1.0
Fighting       | |  2.4
Staves         | |  3.7
Throwing       | |  1.9
Dodging        | |  2.7

Action                   || total
-------------------------++-------
Melee: Quarterstaff      ||    80
Throw: Throwing net      ||     2
Armor: Leather armour    ||    38
Dodge: Dodged            ||    62
